 Dungeon Crawl Stone Soup version 0.29.1-15-g9cfb28693d (webtiles) character file.

Game seed: 3822068434753473153

452 Hugehornet the Chopper (level 7, -2/41 HPs)
             Began as a Gargoyle Fighter on Mar 22, 2023.
             Killed by divine providence
             ... invoked by an orc priest
              (14 damage)
             ... on level 4 of the Dungeon.
             The game lasted 00:07:00 (3677 turns).

Hugehornet the Chopper (Gargoyle Fighter)           Turns: 3677, Time: 00:07:00

Health: -2/41      AC: 17    Str: 19 (20) XL:     7   Next: 5%
Magic:  7/7        EV:  9    Int:  9 (10) God:
Gold:   172        SH:  9    Dex:  9      Spells: 6/6 levels left

rFire   . . .      SeeInvis .   a - +0 war axe
rCold   . . .      Faith    .   c - +0 buckler
rNeg    + . .      Spirit   .   b - +0 scale mail
rPois   ∞          Reflect  +   A - +0 helmet
rElec   +          Harm     .   t - +1 cloak
rCorr   .          Rampage  .   x - +1 pair of gloves
Will    .....                   (no boots)
Stlth   ..........              p - amulet of reflection
HPRegen 0.13/turn               (no ring)
MPRegen 0.10/turn               (no ring)

@: mighty
A: sickness immunity, AC +4, negative energy resistance 1, electricity
resistance, torment resistance 1, petrification resistance
a: no special abilities


You were on level 4 of the Dungeon.
You visited 1 branch of the dungeon, and saw 4 of its levels.

You collected 172 gold pieces.

Inventory:

Hand Weapons
 a - a +0 war axe (weapon)
 o - a +0 trident
 s - a +0 triple crossbow
Missiles
 f - 5 javelins (quivered)
Armour
 b - a +0 scale mail (worn)
 c - a +0 buckler (worn)
 t - a +1 cloak (worn)
 x - a +1 pair of gloves (worn)
 A - a +0 helmet (worn)
Jewellery
 p - an amulet of reflection (around neck)
Wands
 r - a wand of charming (6)
Scrolls
 e - 4 scrolls of teleportation {unknown}
 g - 2 scrolls of noise {unknown}
 i - 6 scrolls of identify {unknown}
 k - a scroll of blinking {unknown}
 l - 2 scrolls of butterflies {unknown}
 n - a scroll of immolation {unknown}
 q - a scroll of vulnerability {unknown}
 u - a scroll of brand weapon {unknown}
 y - a scroll of amnesia {unknown}
Potions
 h - a potion of degeneration
 v - a potion of magic {unknown}
 w - a potion of mutation {unknown}
 z - a potion of resistance {unknown}


   Skills:
 - Level 3.2 Fighting
 - Level 6.0(6.1) Axes
 * Level 1.7(4.4) Maces & Flails
 * Level 4.0 Armour
 + Level 3.7 Shields


You had 6 spell levels left.
You didn't know any spells.
Your spell library contained the following spells:

 Spells                   Type           Power      Damage    Failure   Level
 Call Canine Familiar     Summ           0%         N/A       99%         3
 Portal Projectile        Hex/Tloc       0%         N/A       99%         3
 Hailstorm                Conj/Ice       0%         3d3       100%        4
 Ice Form                 Ice/Tmut       0%         N/A       100%        4
 Leda's Liquefaction      Hex/Erth       0%         N/A       100%        4
 Simulacrum               Ice/Necr       0%         N/A       100%        6


Dungeon Overview and Level Annotations

Branches:
Dungeon (4/15)
 Temple: D:4-7

Altars:


Innate Abilities, Weirdness & Mutations

You are immune to sickness and miasma.
Your stone body is resilient. (AC +4)
You are immune to poison.
You resist negative energy. (rN+)
You are resistant to electric shocks. (rElec)
You are resistant to unholy torment.
You are immune to petrification.


Message History

You feel better.
The orc warrior hits you from afar with a +0 halberd.
You feel very mighty all of a sudden.
The orc warrior hits you from afar with a +0 halberd!
* * * LOW HITPOINT WARNING * * *
It was a potion of degeneration.
There was something very wrong with that liquid.
You feel weakened.
You feel dopey.
You feel clumsy. You block the orc warrior's attack.
It was a potion of heal wounds.
You feel much better.
The orc warrior hits you from afar with a +0 halberd!
You block the orc warrior's attack.
You barely miss the orc warrior.
The orc warrior is lightly wounded.
The orc warrior hits you with a +0 halberd.
The orc priest begins to cast a cantrip, but forgets the words!
You hit the orc warrior.
The orc warrior is moderately wounded.
The orc warrior barely misses you.
You slash the orc warrior!
The orc warrior is severely wounded.
You block the orc warrior's attack.
The orc warrior hits you with a +0 halberd.
* * * LOW HITPOINT WARNING * * *
You slash the orc warrior!
You kill the orc warrior!
You feel your dexterity returning.
Your base Maces & Flails skill increases to level 1!
Your Armour skill increases to level 4!
You have reached level 7!
The orc attacks as you move away! The orc hits you but does no damage.
The orc attacks as you move away! The orc barely misses you.
The orc attacks as you move away! The orc hits you but does no damage.
The orc attacks as you move away! The orc hits you but does no damage.
The orc attacks as you move away! You block the orc's attack.
The orc attacks as you move away! You block the orc's attack.
The orc attacks as you move away! The orc hits you but does no damage.
The orc priest calls down the wrath of Beogh upon you.
Beogh smites you!
You die...

#. #.#.# #.# #.##.# ##.#.# #.#
#.#...# ##....# #.###
#......###.#.#.#####...#
#......................######
#....♣....#.#..####....†....
###......P#...#># #..##.≈≈..
#.....#....##.##.# #..# P≈§.#
#.###..♣...##@##.####... .....
#.####...##o..).......########
#.#....o.o.....#.######
#.#.##########.#.# ### #.#.#
#.#.#######.. #o#o#
#........#.# #.#.#
#.####.....# . #o#o# #.##
#.#.#.###. #.#.#
#..###.#.##...###


You could see an orc priest and an orc.

Vanquished Creatures
  An orc warrior (D:4)
  A quasit (D:3)
  A hound (D:3)
  10 gnolls
  6 adders
  2 shadow imps (D:4)
  5 white imps
  2 ufetubi
  3 worms
  2 dart slugs
  3 orcs
  2 endoplasms
  7 giant cockroaches
  6 goblins
  4 hobgoblins
  5 jackals (D:1)
  3 kobolds
  2 quokkas
  9 ball pythons
  4 bats
  5 frilled lizards
  10 rats
93 creatures vanquished.

Vanquished Creatures (others)
  6 demonic plants (D:4)
6 creatures vanquished.

Grand Total: 99 creatures vanquished

Notes
Turn   | Place    | Note
-------+----------+-------------------------------------------
     0 | D:1      | Hugehornet the Gargoyle Fighter began the quest for the
                  | Orb.
     0 | D:1      | Reached XP level 1. HP: 14/14 MP: 1/1
     1 | D:1      | Found a runed translucent door.
    16 | D:1      | Reached skill level 2 in Axes
    30 | D:1      | Reached XP level 2. HP: 14/19 MP: 2/2
   321 | D:1      | Reached skill level 3 in Axes
   444 | D:1      | Reached XP level 3. HP: 22/23 MP: 3/3
   450 | D:1      | Found a faded altar of an unknown god.
  1121 | D:2      | Reached XP level 4. HP: 28/28 MP: 4/4
  1220 | D:2      | Reached skill level 4 in Axes
  2106 | D:2      | Reached XP level 5. HP: 25/32 MP: 5/5
  2390 | D:3      | Reached skill level 5 in Axes
  2867 | D:3      | Reached XP level 6. HP: 35/37 MP: 6/6
  3425 | D:4      | Reached skill level 6 in Axes
  3636 | D:4      | Noticed an orc warrior
  3658 | D:4      | Killed an orc warrior
  3659 | D:4      | Reached skill level 1 in Maces & Flails
  3659 | D:4      | Reached XP level 7. HP: 9/41 MP: 7/7
  3677 | D:4      | Killed from afar by an orc priest

Illustrated notes

Levels and vault maps discovered:
D:1:      dpeg_arrival_caged_fury, layout_rooms,
          dreamdust_ecumenical_altar_angels_and_demons
D:2:      minmay_razor_zed, layout_basic
D:3:      layout_loops_ring
D:4:      layout_loops_ring, serial_demonic, serial_demonic_a, serial_demonic_d,
          serial_demonic_b, serial_demonic_d, serial_demonic_c,
          serial_demonic_d, serial_demonic_g, serial_demonic_a,
          serial_demonic_b, serial_demonic_b, minivault_5, uniq_eustachio

Skill      XL: |  1  2  3  4  5  6 |
---------------+-------------------+-----
Axes           | 2 3 4 5 6 |  6.0
Maces & Flails | 1 |  1.7
Armour         | 4 |  4.0
Fighting       | |  3.2
Shields        | |  3.7

Action                   |  1- 3 |  4- 6 |  7- 9 || total
-------------------------+-------+-------+-------++-------
Melee: War axe           |   104 |   198 |       ||   302
  Use: Potion            |       |     6 |       ||     6
Armor: Scale mail        |    61 |   148 |     4 ||   213
Dodge: Dodged            |    56 |   110 |     1 ||   167
Block: Buckler           |    31 |    41 |     2 ||    74
